 Dungeon Crawl Stone Soup version 0.30.1-11-g7821555f0a (webtiles) character file.

Game seed: 13533240222049203749

517480 wWBigheadWw the Axe Maniac (level 24, -2/239 (245) HPs)
             Began as a Minotaur Berserker on Nov 27, 2023.
             Was a High Priest of Trog.
             Killed by divine providence
             ... invoked by a sphinx
              (16 damage)
             ... on level 4 of the Vaults on Nov 28, 2023.
             The game lasted 04:39:48 (48328 turns).

wWBigheadWw the Axe Maniac (Minotaur Berserker)    Turns: 48328, Time: 04:39:49

HP:   -2/239 (245)  AC: 33    Str: 28    XL:     24   Next: 53%
MP:   22/22         EV: 13    Int:  4    God:    Trog [*****.]
Gold: 4370          SH: 11    Dex: 16    Spells: 23/23 levels left

rFire   + + .        K - +9 broad axe (flame)
rCold   + + .        M - +1 buckler "Ekay" {rN+ Regen+ Str-2}
rNeg    + + .        U - +0 gold dragon scales
rPois   +            (helmet restricted)
rElec   +            g - +1 cloak
rCorr   .            p - +4 pair of gloves of Generosity {rF++ Dex+2}
SInv    .            Z - +0 pair of boots {Fly}
Will    ++++.        x - amulet of regeneration Stlth
                     o - ring of positive energy
HPRegen 2.19/turn    T - ring of Bodily Harmony {Ice rElec Will++}
MPRegen 0.18/turn

%: no passive effects
@: corroded, on berserk cooldown, flying, slowed, studying 2 skills, lightly
drained, very slow
A: horns 2, retaliatory headbutt, iridescent scales 2, strong-willed 1
}: 2/15 runes: serpentine, barnacled
a: Renounce Religion, Berserk, Trog's Hand, Brothers in Arms


You were on level 4 of the Vaults.
You worshipped Trog.
Trog was extremely pleased with you.
You visited 9 branches of the dungeon, and saw 43 of its levels.
You also visited: Bailey, Ice Cave and Volcano.

You collected 5860 gold pieces.
You spent 1490 gold pieces at shops.

Inventory:

Hand Weapons
 K - a +9 broad axe of flaming (weapon)
 N - the +9 war axe of Mingiol {flame, Contam rC+ rCorr Dex+3}
   (You found it on level 3 of the Elven Halls)

   Dex:       It affects your dexterity (+3).
   rC:        It protects you from cold.
   Contam:    It causes magical contamination when unequipped.
   rCorr:     It protects you from acid and corrosion.
Armour
 g - a +1 cloak (worn)
 n - the +0 pair of gloves of Beetaisch {Rampage Str+3}
   (You found it on level 12 of the Dungeon)

   Str:       It affects your strength (+3).
   Rampage:   It bestows one free step when moving towards enemies.
 p - the +4 pair of gloves of Generosity (worn) {rF++ Dex+2}
   (You acquired it on level 3 of the Depths)

   Dex:       It affects your dexterity (+2).
   rF:        It greatly protects you from fire.
 v - a +6 crystal plate armour of cold resistance
 J - a +1 kite shield of protection
 M - the +1 buckler "Ekay" (worn) {rN+ Regen+ Str-2}
   (You acquired it on level 2 of the Lair of Beasts)

   Str:       It affects your strength (-2).
   rN:        It protects you from negative energy.
   Regen:     It increases your rate of health regeneration.
 U - +0 gold dragon scales (worn)
 Z - a +0 pair of boots of flying (worn)
Jewellery
 m - a ring of protection from fire
 o - a ring of positive energy (left hand)
 s - the ring of Tudottiym {rPois Will+ SInv}
   (You took it off a deep elf pyromancer on level 3 of the Elven Halls)

   [ring of poison resistance]

   rPois:     It protects you from poison.
   SInv:      It lets you see invisible.
   Will:      It increases your willpower.
 w - an amulet of reflection
 x - an amulet of regeneration (around neck)
 A - a ring of poison resistance
 G - a ring of protection from cold
 O - a ring of resist corrosion
 T - the ring of Bodily Harmony (right hand) {Ice rElec Will++}
   (You took it off Josephina on level 2 of the Depths)

   [ring of ice]

   It enhances your ice magic.
   rF:        It makes you vulnerable to fire.
   rC:        It protects you from cold.
   rElec:     It insulates you from electricity.
   Will:      It greatly increases your willpower.
Wands
 k - a wand of flame (73)
 B - a wand of digging (14)
 E - a wand of paralysis (48)
 I - a wand of roots (35)
 Q - a wand of mindburst (23)
 R - a wand of light (34)
 W - a wand of polymorph (17)
Scrolls
 a - 2 scrolls of silence
 i - 23 scrolls of teleportation
 u - a scroll of brand weapon
 y - a scroll of butterflies
 z - 5 scrolls of enchant weapon
 C - 9 scrolls of magic mapping
 D - 9 scrolls of fog
 H - 7 scrolls of poison
 S - 4 scrolls of fear
 V - a scroll of acquirement
 Y - 6 scrolls of torment
Potions
 b - 18 potions of curing
 c - 6 potions of haste
 d - a potion of resistance
 e - 9 potions of attraction
 f - 4 potions of berserk rage
 h - 5 potions of invisibility
 j - 6 potions of lignification
 q - 9 potions of magic
 r - 12 potions of flight
 t - 12 potions of cancellation
 F - 11 potions of mutation
 L - 4 potions of ambrosia
 P - 9 potions of might


   Skills:
 + Level 26.2 Fighting
 O Level 27 Axes
 + Level 26.0 Armour
 + Level 12.8 Dodging
 + Level 23.6 Shields


You had 23 spell levels left.
You didn't know any spells.
Your spell library was empty.

Dungeon Overview and Level Annotations

Branches:
Dungeon (15/15)            Temple (0/1) D:7            Lair (5/5) D:11
 Shoals (4/4) Lair:2        Snake (4/4) Lair:2        Slime (0/5) Lair:5
    Orc (2/2) D:11            Elf (3/3) Orc:2        Vaults (5/5) D:14
  Crypt (1/3) Vaults:2     Depths (4/4) D:15            Zot (0/5) Depths:4
 Bailey (visited)           IceCv (visited)         Volcano (visited)

Altars:
Dithmenos
Elyvilon
Fedhas
Gozag
Okawaru
Qazlal
Uskayaw
Yredelemnul
Jiyva

Shops:
D:7 !   D:9 =   Orc:2 ([*:   Elf:1 (   Shoals:2 !   Snake:2 (   Vaults:2 ?
Vaults:3 [

Portals:
Hell: Depths:1 Depths:2 Depths:3 Depths:4
Abyss: Depths:2 Depths:3
Pandemonium: Depths:2
Ziggurat: Depths:1


Innate Abilities, Weirdness & Mutations

You have a pair of horns on your head.
You reflexively headbutt those who attack you in melee.
You are mostly covered in iridescent scales. (AC +4)
You are strong-willed. (Will+)


Message History

The tengu reaver casts a spell at you.
The bolt of lightning hits you but does no damage.
You resist.
The bolt of lightning hits the titan.
The titan completely resists.
Okay, then.
You slice the titan!! You burn the titan!
The titan is heavily wounded.
You hit the tengu reaver but do no damage.
You slice the sphinx!! You burn the sphinx. The titan hits you!!
* * * LOW HITPOINT WARNING * * *
The sphinx hits you.
* * * LOW HITPOINT WARNING * * *
You block the sphinx's attack. The sphinx barely misses you.
The tengu reaver hits you with a +0 battleaxe!
* * * LOW HITPOINT WARNING * * *
The tengu reaver pecks you but does no damage.
The tengu reaver claws you but does no damage.
The titan hits you but does no damage.
Blink to where?
Press: ? - help, Dir - move target
As you read the scroll of blinking, it crumbles to dust.
There is an open door here.
The tengu reaver points at you and mumbles some strange words.
The bolt of negative energy hits you! You partially resist.
You feel drained.
* * * LOW HITPOINT WARNING * * *
The titan gestures at you while chanting.
The bolt of lightning hits you! You resist.
* * * LOW HITPOINT WARNING * * *
The tengu reaver looks more healthy.
The sphinx mumbles some strange words.
Something smites you!
* * * LOW HITPOINT WARNING * * *
The tengu reaver casts a spell at you. The bolt of fire hits you! You resist.
* * * LOW HITPOINT WARNING * * *
There is a stone staircase leading up here.
The tengu reaver gestures at you while chanting.
The bolt of lightning misses you.
The sphinx casts a spell.
Something smites you!
You die...

#..........#
##.#
#..........#
#!..
#..........#
##.#
#....[.....#
#...
#####'######
##.#
#......#
#..)
#......#
##!#
#......# ###
#...@..# ##
#......#
#### #.
#...Q..#
#..###.
#...H..#
#.<.###
#......#
##...##
#...C..#
##...#
#....(.#
#####...
#......#
#..###.#
#####'####
#...###[


You could see a titan, a sphinx and a tengu reaver.

Vanquished Creatures
  An ancient lich (Vaults:1)
  Josephina (Depths:2)
  Bai Suzhen (Depths:2)
  Vv (Depths:2)
  A caustic shrike (Depths:3)
  Nikola (Elf:1)
  A bone dragon (Depths:4)
  2 golden dragons
  4 hellephants (Depths:3)
  The ghost of jfcaron the Black Belt, an adept GnBe of Trog (Elf:3)
  6 tentacled monstrosities
  The ghost of andronian the Phalangite, an adept MfFi of Okawaru (Vaults:1)
  Jorgrun (Elf:1)
  Zenata (Vaults:1)
  A walking earthen tome (Depths:3)
  Mlioglotl (Snake:2)
  The ghost of Sianeop the Warrior, an adept GrFi of Cheibriados (Vaults:2)
  2 deep elf master archers (Elf:3)
  3 liches (Vaults:1)
  2 deep elf blademasters
  A kraken (Shoals:3)
  2 ancient champions (Vaults:2)
  An acid blob (Lair:5)
  A titan (Vaults:5)
  7 sphinxes
  4 shadow dragons
  Polyphemus (Shoals:2)
  A tengu reaver (Depths:4)
  Ilsuiw (Shoals:4)
  A fenstrider witch (shapeshifter) (Vaults:4)
  8 nagarajas
  A draconian monk (Depths:4)
  8 fire giants
  11 frost giants
  An iron dragon (Vaults:5)
  15 vault wardens
  Aizul (Snake:1)
  3 deep elf elementalists (Elf:3)
  4 deep elf sorcerers
  3 cacodemons (Elf:3)
  20 very ugly things
  5 ironbound thunderhulks
  18 ironbound preservers
  3 reapers
  2 orc warlords
  9 stone giants
  4 war gargoyles
  Nessos (D:14)
  A white draconian (Depths:4)
  A vampire knight (Vaults:2)
  4 deep elf demonologists
  2 green draconians (Depths:4)
  19 dire elephants
  9 deep elf annihilators
  A red draconian (Depths:4)
  3 spark wasps (Depths:3)
  A crystal guardian (Vaults:2)
  4 merfolk javelineers
  8 ettins
  11 yaktaur captains
  3 deep elf high priests
  3 merfolk impalers
  7 great orbs of eyes
  6 deep elf death magi
  A ragged hierophant (Vaults:4)
  An entropy weaver (Vaults:1)
  28 vault guards
  5 fire dragons
  6 ice dragons
  The ghost of Rizzler the Covert, a journeyman DsEE of Dithmenos (Lair:2)
  A hell beast (Depths:1)
  2 peacekeepers
  4 spriggan air magi
  7 hydras
  6 ironbound frosthearts
  A catoblepas (Shoals:1)
  2 ogre magi
  4 merfolk avatars
  An anaconda (shapeshifter) (Vaults:4)
  3 satyrs
  9 anacondas
  3 alligator snapping turtles (Shoals:4)
  20 dancing weapons
  6 merfolk aquamancers
  8 centaur warriors
  11 naga warriors
  4 boulder beetles
  16 two-headed ogres
  3 deep troll earth magi
  A death knight (Vaults:2)
  11 deep troll shamans
  8 naga sharpshooters
  A satyr (shapeshifter) (Vaults:5)
  A spectral stone giant (Vaults:1)
  A two-headed ogre (shapeshifter) (Elf:3)
  3 orc high priests
  6 spriggan berserkers (Depths:2)
  A spectral naga (Snake:3)
  3 tengu warriors
  A vampire mage (Depths:1)
  4 death yaks
  A hell hog (Depths:1)
  19 hell knights
  6 shock serpents
  19 deep elf knights
  The ghost of stormannnn the Summoner, a novice TeSu of Yredelemnul (D:9)
  Amaemon (D:10)
  A sun demon (Depths:1)
  2 soul eaters (Depths:1)
  4 salamander mystics
  2 shadow wraiths (Vaults:1)
  3 skeletal warriors (D:15)
  4 skysharks (Lair:5)
  A spectral death yak (Lair:5)
  5 iron trolls
  15 sea snakes
  The ghost of NelofarNekjeu the Chopper, a novice HuCK of Xom (D:7)
  2 flayed ghosts
  66 deep trolls
  7 naga ritualists
  3 spectral anacondas
  3 anaconda zombies (Snake:1)
  9 deep elf archers
  9 glowing orange brains
  7 wizards
  20 ironbound convokers
  2 obsidian statues
  11 necromancers
  3 anaconda skeletons (Snake:1)
  A lindwurm (Vaults:2)
  32 deep elf pyromancers
  27 harpies
  A harpy (shapeshifter) (Vaults:5)
  5 orc knights
  A mana viper (shapeshifter) (Vaults:4)
  A steelbarb worm (shapeshifter) (Elf:3)
  5 mana vipers
  7 phantasmal warriors
  31 deep elf zephyrmancers
  A wolf spider (shapeshifter) (Vaults:4)
  A wolf spider (D:15)
  7 orc sorcerers
  13 manticores
  A salamander (shapeshifter) (D:9)
  22 ugly things
  7 cyclopes
  10 salamanders
  7 guardian serpents
  An elephant (shapeshifter) (Elf:3)
  16 merfolk sirens
  17 fauns
  4 smoke demons (Depths:1)
  A black mamba (shapeshifter) (Elf:3)
  15 vault sentinels
  19 elephants
  41 black mambas
  An ice statue (IceCv)
  23 naga magi
  A cane toad (shapeshifter) (Vaults:5)
  16 cane toads
  A molten gargoyle (Volcano)
  3 gargoyles
  An orange demon (D:10)
  7 water nymphs
  An unseen horror (D:11)
  6 efreet
  4 hellions
  2 dire elephant skeletons (Lair:5)
  3 komodo dragons
  A kobold demonologist (D:11)
  A komodo dragon (shapeshifter) (D:9)
  24 yaktaurs
  4 tengu conjurers
  Psyche (D:9)
  2 rime drakes
  5 anaconda simulacra
  A spectral salamander (Snake:3)
  23 merfolk
  4 freezing wraiths
  3 meliai (D:15)
  3 trolls
  5 hornets
  6 wind drakes
  2 polar bears (Lair:5)
  A wolf spider simulacrum (D:15)
  Grinder (D:5)
  2 saltlings (Vaults:4)
  A tengu simulacrum (Depths:2)
  A spectral elephant (Lair:5)
  2 frost giant simulacra (Depths:2)
  14 blink frogs
  13 snapping turtles
  10 dream sheep
  A blink frog (shapeshifter) (Elf:3)
  A snapping turtle (shapeshifter) (Vaults:4)
  2 spectral black mambas (Snake:3)
  22 slime creatures
  2 large abominations (Elf:1)
  4 spriggans (Depths:2)
  A centaur simulacrum (D:14)
  2 wyverns
  A culicivora (shapeshifter) (Elf:3)
  A shadow (D:11)
  30 water elementals
  3 wraiths
  6 basilisks
  10 fire elementals
  59 yaks
  24 humans
  4 air elementals
  A golden eye (shapeshifter) (D:9)
  2 basilisks (shapeshifter)
  3 neqoxecs (D:9)
  2 steam dragons (D:7)
  A death yak simulacrum (Lair:5)
  7 vampire mosquitoes
  2 wargs (Orc:1)
  47 nagas
  3 acid dragons
  14 water moccasins
  A hydra simulacrum (IceCv)
  28 orc warriors
  A sky beast (D:6)
  A black bear (shapeshifter) (Elf:3)
  2 elephant zombies (Lair:5)
  4 black bears
  2 ice beasts
  A tengu (shapeshifter) (D:9)
  9 ogres
  An elephant skeleton (Lair:5)
  11 wolves
  7 centaurs
  2 phantoms
  4 kobold brigands
  A gnoll sergeant (D:7)
  3 elf zombies (Elf:1)
  13 bullfrogs
  6 scorpions
  2 cane toad simulacra (IceCv)
  7 earth elementals
  6 two-headed ogre simulacra (IceCv)
  6 killer bees
  6 howler monkeys
  4 lava snakes (Lair:2)
  3 jellies
  9 hounds
  A hound (shapeshifter) (Elf:3)
  16 orc priests
  3 gnoll boudas
  2 sleepcaps
  Jessica (D:9)
  A hell rat (Lair:2)
  4 iguanas
  27 orc wizards
  2 polar bear simulacra (IceCv)
  8 spriggan simulacra
  5 troll simulacra (IceCv)
  A wolf simulacrum (IceCv)
  A human simulacrum (D:9)
  15 gnolls
  11 naga simulacra
  7 adders
  A shadow imp (D:7)
  7 white imps
  7 ufetubi
  3 worms
  11 dart slugs (D:3)
  72 orcs
  10 ball pythons
  11 endoplasms
  3 giant cockroaches
  15 goblins
  10 hobgoblins
  22 kobolds
  A quokka (D:1)
  3 bats
  4 frilled lizards
  4 rats (D:1)
  A spectral orc (D:8)
  A butterfly (Lair:3)
  A tentacle (Shoals:3)
1854 creatures vanquished.

Vanquished Creatures (collateral kills)
  A deep elf blademaster (Elf:3)
  The ghost of vinnietd the Tortoise, an adept HaFi of Trog (Snake:3)
  A nagaraja (Snake:4)
  A deep elf sorcerer (Elf:3)
  2 orc warlords
  A deep elf elementalist (Elf:3)
  3 deep elf demonologists (Elf:3)
  2 merfolk impalers
  A merfolk javelineer (Shoals:4)
  A vault guard (Vaults:5)
  2 naga warriors (Snake:4)
  7 dancing weapons (Elf:2)
  2 deep elf knights (Elf:2)
  A salamander mystic (Snake:4)
  A sea snake (Shoals:4)
  2 orc sorcerers (Orc:2)
  A deep elf pyromancer (Elf:2)
  2 ugly things (D:9)
  A merfolk siren (Shoals:4)
  A spectral mana viper (Snake:3)
  2 merfolk (Shoals:4)
  A water elemental (Depths:3)
  A hog (shapeshifter) (Elf:3)
  3 nagas (Snake:4)
  7 orc warriors (Orc:2)
  2 ogres (Orc:2)
  2 naga simulacra (Snake:3)
  6 orc priests (Orc:2)
  2 orc wizards (Orc:2)
  A worm (shapeshifter) (D:9)
  10 orcs (Orc:2)
71 creatures vanquished.

Vanquished Creatures (others)
  A great orb of eyes (Vaults:2)
  A flayed ghost (Vaults:1)
  2 merfolk sirens (Shoals:3)
  A water elemental (Elf:1)
  A human simulacrum (D:9)
  An orc (Orc:2)
  2 jackals (D:9)
  A fire vortex (Volcano)
  5 tentacles (Shoals:3)
15 creatures vanquished.

Grand Total: 1940 creatures vanquished

Notes
Turn   | Place    | Note
-------+----------+-------------------------------------------
     0 | D:1      | wWBigheadWw the Minotaur Berserker began the quest for the
                  | Orb.
     0 | D:1      | Reached XP level 1. HP: 19/19 MP: 0/0
    45 | D:1      | Reached skill level 4 in Axes
   105 | D:1      | Reached XP level 2. HP: 26/26 MP: 1/1
   368 | D:1      | Found a faded altar of an unknown god.
   424 | D:1      | Reached ** piety under Trog
   468 | D:1      | Reached skill level 5 in Axes
   498 | D:1      | Reached XP level 3. HP: 31/31 MP: 2/2
  1668 | D:3      | Reached skill level 6 in Axes
  1668 | D:3      | Reached XP level 4. HP: 21/39 MP: 3/3
  2315 | D:3      | Reached XP level 5. HP: 45/45 MP: 4/4
  2510 | D:4      | Reached skill level 7 in Axes
  2627 | D:4      | Found an iron altar of Okawaru.
  2779 | D:4      | Noticed a black bear
  2790 | D:4      | Killed a black bear
  2791 | D:4      | Reached skill level 8 in Axes
  2791 | D:4      | Reached XP level 6. HP: 51/51 MP: 5/5
  2815 | D:4      | Reached *** piety under Trog
  2873 | D:4      | Noticed a water moccasin
  2880 | D:4      | Killed a water moccasin
  2881 | D:4      | Reached skill level 9 in Axes
  2888 | D:4      | Reached XP level 7. HP: 44/57 MP: 6/6
  3385 | D:5      | Entered Level 5 of the Dungeon
  3395 | D:5      | Reached skill level 10 in Axes
  3406 | D:5      | Noticed Grinder
  3416 | D:5      | Killed Grinder
  3479 | D:5      | Reached skill level 11 in Axes
  3689 | D:5      | Reached XP level 8. HP: 66/66 MP: 7/7
  4589 | D:4      | Reached skill level 5 in Fighting
  4710 | D:6      | Reached skill level 5 in Armour
  5189 | D:6      | Reached XP level 9. HP: 79/79 MP: 8/8
  5365 | D:6      | Reached **** piety under Trog
  5463 | D:7      | Found a staircase to the Ecumenical Temple.
  5556 | D:7      | Found Wariagh's Distillery.
  5662 | D:7      | Bought a potion of heal wounds for 70 gold pieces
  5662 | D:7      | Bought a potion of heal wounds for 70 gold pieces
  5662 | D:7      | Bought a potion of might for 56 gold pieces
  5916 | D:7      | Found a runed translucent gate.
  5918 | D:7      | Found an opulent altar of Gozag.
  5920 | D:7      | Found a runed translucent gate.
  5922 | D:7      | Found a runed translucent gate.
  5924 | D:7      | Noticed NelofarNekjeu's ghost (novice HuCK)
  5925 | D:7      | Noticed a cyclops
  6432 | D:7      | Killed a cyclops
  6437 | D:7      | Reached skill level 10 in Fighting
  6502 | D:7      | Killed NelofarNekjeu's ghost
  6503 | D:7      | Reached skill level 10 in Armour
  6503 | D:7      | Reached XP level 10. HP: 94/94 MP: 9/9
  6859 | D:8      | Found a basalt altar of Yredelemnul.
  6971 | D:8      | Reached skill level 12 in Axes
  7149 | D:9      | Found Xagole's Jewellery Boutique.
  7155 | D:9      | Bought a ring of poison resistance for 300 gold pieces
  7158 | D:9      | Found a runed translucent gate.
  7158 | D:9      | Noticed a white ugly thing
  7159 | D:9      | Found a runed translucent gate.
  7160 | D:9      | Found a runed translucent gate.
  7161 | D:9      | Noticed a brown ugly thing
  7161 | D:9      | Noticed a brown ugly thing
  7253 | D:9      | Found a stormy altar of Qazlal.
  7286 | D:9      | Reached ***** piety under Trog
  7519 | D:9      | Noticed Jessica
  7528 | D:9      | Reached skill level 13 in Axes
  7531 | D:9      | Noticed Psyche
  7560 | D:9      | Reached XP level 11. HP: 93/103 MP: 10/10
  7577 | D:9      | Killed Psyche
  7608 | D:9      | Killed Jessica
  7681 | D:9      | Found a flagged portal.
  7686 | Bailey   | Entered a bailey
  7691 | Bailey   | Noticed an orc warlord
  7768 | Bailey   | Found a runed translucent gate.
  7771 | Bailey   | Found a runed translucent gate.
  7773 | Bailey   | Found a runed translucent gate.
  7997 | Bailey   | Killed an orc warlord
  7998 | Bailey   | Reached skill level 14 in Axes
  8059 | Bailey   | Identified the ring "Nuusuj" {Wiz +Blink Fly}
  8274 | D:9      | Noticed a glowing orange brain
  8274 | D:9      | Noticed a red ugly thing
  8274 | D:9      | Noticed a red ugly thing
  8301 | D:9      | Killed a red ugly thing
  8310 | D:9      | Killed a brown ugly thing
  8311 | D:9      | Killed a red ugly thing
  8320 | D:9      | Killed a purple ugly thing
  8323 | D:9      | Killed a purple ugly thing
  8333 | D:9      | Killed a glowing orange brain
  8385 | D:9      | Found a runed translucent gate.
  8385 | D:9      | Found a runed translucent gate.
  8389 | D:9      | Found a runed translucent gate.
  8392 | D:9      | Noticed stormannnn's ghost (novice TeSu)
  8402 | D:9      | a komodo dragon changed into a lindwurm
  8402 | D:9      | Noticed a lindwurm (shapeshifter)
  8407 | D:9      | a lindwurm changed into a skyshark
  8407 | D:9      | Noticed a skyshark (shapeshifter)
  8408 | D:9      | a guardian serpent changed into a harpy
  8408 | D:9      | Noticed a harpy (shapeshifter)
  8412 | D:9      | a skyshark changed into a jumping spider
  8423 | D:9      | Lost intelligence.
  8433 | D:9      | a harpy changed into a black bear
  8438 | D:9      | Gained mutation: You have hidden genetic defects. [a
                  | neqoxec]
  8443 | D:9      | Reached skill level 15 in Axes
  8454 | D:9      | Killed stormannnn's ghost
  8454 | D:9      | Gained mutation: You occasionally lose the ability to drink
                  | potions when taking damage. [a neqoxec]
  8529 | D:9      | Gained mutation: Armour fits poorly on your strangely
                  | shaped body. [mutagenic glow]
  8534 | D:9      | Gained mutation: Your spells are a little easier to cast,
                  | but a little less powerful. [mutagenic glow]
  8541 | D:9      | Gained mutation: You are vulnerable to heat. (rF-)
                  | [mutagenic glow]
  8550 | D:9      | Gained mutation: You are frail. (-10% HP) [mutagenic glow]
  8987 | D:9      | Lost mutation: You have hidden genetic defects. [potion of
                  | mutation]
  8987 | D:9      | Lost mutation: You occasionally lose the ability to drink
                  | potions when taking damage. [potion of mutation]
  8987 | D:9      | Lost mutation: You are vulnerable to heat. (rF-) [potion of
                  | mutation]
  8987 | D:9      | Gained mutation: You are partially covered in large bone
                  | plates. (SH +4) [potion of mutation]
  8988 | D:9      | Lost mutation: Armour fits poorly on your strangely shaped
                  | body. [potion of mutation]
  8988 | D:9      | Lost mutation: Your spells are a little easier to cast, but
                  | a little less powerful. [potion of mutation]
  8988 | D:9      | Gained mutation: You expend magic power (3 MP) to
                  | strengthen your wands. [potion of mutation]
  8988 | D:9      | Gained mutation: You have large cloven feet. [potion of
                  | mutation]
  8989 | D:9      | Lost mutation: You have large cloven feet. [potion of
                  | mutation]
  8989 | D:9      | Lost mutation: You are partially covered in large bone
                  | plates. (SH +4) [potion of mutation]
  8989 | D:9      | Lost mutation: You expend magic power (3 MP) to strengthen
                  | your wands. [potion of mutation]
  8989 | D:9      | Gained mutation: You occasionally lose the ability to drink
                  | potions when taking damage. [potion of mutation]
  8989 | D:9      | Lost mutation: You are frail. (-10% HP) [potion of
                  | mutation]
  8989 | D:9      | Gained mutation: Your mind is acute. (Int +4, Str/Dex -1)
                  | [potion of mutation]
  8990 | D:9      | Lost mutation: Your mind is acute. (Int +4, Str/Dex -1)
                  | [potion of mutation]
  8990 | D:9      | Lost mutation: You occasionally lose the ability to drink
                  | potions when taking damage. [potion of mutation]
  8990 | D:9      | Gained mutation: You have a somewhat thin skeletal
                  | structure. (Dex +2, Stealth+) [potion of mutation]
  8991 | D:9      | Lost mutation: You have a somewhat thin skeletal structure.
                  | (Dex +2, Stealth+) [potion of mutation]
  8991 | D:9      | Gained mutation: You are partially covered in iridescent
                  | scales. (AC +2) [potion of mutation]
  8991 | D:9      | Gained mutation: You are mostly covered in iridescent
                  | scales. (AC +4) [potion of mutation]
 10489 | D:10     | Entered Level 10 of the Dungeon
 10575 | D:10     | Noticed Amaemon
 10584 | D:10     | Killed Amaemon
 10589 | D:10     | Reached XP level 12. HP: 113/113 MP: 11/11
 10823 | D:10     | Noticed a two-headed ogre
 10831 | D:10     | Killed a two-headed ogre
 11189 | D:11     | Reached skill level 16 in Axes
 11369 | D:11     | Found a hide-covered altar of Uskayaw.
 11477 | D:11     | Found a staircase to the Lair.
 11503 | D:11     | Noticed a boulder beetle
 11514 | D:11     | Killed a boulder beetle
 11613 | D:11     | Noticed a two-headed ogre
 11620 | D:11     | Killed a two-headed ogre
 11914 | D:11     | Found a staircase to the Orcish Mines.
 12103 | Lair:1   | Entered Level 1 of the Lair of Beasts
 12191 | Lair:1   | Reached skill level 17 in Axes
 12391 | Lair:1   | Found a dark tunnel.
 12402 | Volcano  | Entered a volcano
 13323 | Lair:1   | Noticed a seven-headed hydra
 13333 | Lair:1   | Reached XP level 13. HP: 99/124 MP: 12/12
 13822 | Lair:2   | Found a staircase to the Shoals.
 13887 | Lair:2   | Found a staircase to the Snake Pit.
 13904 | Lair:2   | Received a gift from Trog
 14105 | Lair:2   | Reached skill level 18 in Axes
 14548 | Lair:2   | Found a runed translucent door.
 14549 | Lair:2   | Noticed Rizzler's ghost (journeyman DsEE)
 14558 | Lair:2   | Killed Rizzler's ghost
 14820 | Lair:2   | Acquired the +1 buckler "Ekay" {rN+ Regen+ Str-2}
 14989 | Lair:3   | Reached skill level 1 in Shields
 15392 | Lair:3   | You fall into a shaft and drop 1 floor!
 15497 | Lair:4   | Reached skill level 15 in Fighting
 15554 | Lair:4   | Reached skill level 5 in Shields
 16255 | Lair:4   | Reached skill level 15 in Armour
 16868 | Lair:5   | Entered Level 5 of the Lair of Beasts
 16961 | Lair:5   | Reached XP level 14. HP: 135/135 MP: 13/13
 17050 | Lair:5   | Found a runed translucent door.
 17050 | Lair:5   | Found a viscous altar of Jiyva.
 17056 | Lair:5   | Found a staircase to the Slime Pits.
 17056 | Lair:5   | Noticed an acid blob
 17265 | Lair:5   | Identified the +2 quarterstaff "Lofabbafe" {venom, rC++
                  | rCorr}
 17570 | Lair:5   | Identified the +4 quarterstaff of the Loving Gods {elec,
                  | rC+}
 17752 | Lair:5   | Reached skill level 10 in Shields
 17882 | Lair:5   | Received a gift from Trog
 18349 | Lair:5   | Killed an acid blob
 18585 | D:12     | Reached skill level 5 in Dodging
 18608 | D:12     | Found a shadowy altar of Dithmenos.
 18657 | D:12     | Identified the +4 robe of Wu Jian's Condemnation {rF+}
 18952 | D:12     | You fall into a shaft and drop 2 floors!
 19126 | D:12     | Found a frozen archway.
 19142 | D:12     | Identified the +0 pair of gloves of Beetaisch {Rampage
                  | Str+3}
 19180 | IceCv    | Entered an ice cave
 19502 | IceCv    | Noticed a reaper
 19514 | IceCv    | Killed a reaper
 19540 | IceCv    | Identified the ring of Nuump {MP+9 Str+4 Dex+4}
 19855 | D:12     | Reached XP level 15. HP: 146/146 MP: 14/14
 19856 | D:12     | Reached skill level 19 in Axes
 19856 | D:12     | Reached XP level 16. HP: 155/155 MP: 15/15
 19901 | Orc:1    | Entered Level 1 of the Orcish Mines
 20168 | Orc:2    | Entered Level 2 of the Orcish Mines
 20301 | Orc:2    | Reached XP level 17. HP: 161/161 MP: 16/16
 20327 | Orc:2    | Found a staircase to the Elven Halls.
 20918 | Orc:2    | Paralysed by an orc sorcerer for 3 turns
 21070 | Orc:2    | Found Gerr's General Store.
 21071 | Orc:2    | Found Ichis's Book Shoppe.
 21074 | Orc:2    | Found Reciud's Antique Armour Emporium.
 21074 | Orc:2    | Found Liygod's Antique Weapon Emporium.
 21079 | Orc:2    | Bought a scroll of brand weapon for 104 gold pieces
 21079 | Orc:2    | Bought a scroll of blinking for 82 gold pieces
 21599 | D:13     | Reached skill level 10 in Dodging
 22036 | D:14     | Noticed Nessos
 22036 | D:14     | Found a gate to the Vaults.
 22127 | D:14     | Killed Nessos
 22284 | D:14     | Identified the +5 whip "Xyetooth" {spect, rF++ Int+2
                  | Stlth+}
 22379 | D:14     | Paralysed by something for 3 turns
 22504 | D:14     | Received a gift from Trog
 22661 | D:15     | Entered Level 15 of the Dungeon
 22732 | D:15     | Paralysed by something for 4 turns
 22952 | D:15     | Reached skill level 20 in Axes
 23262 | D:15     | Found a staircase to the Depths.
 24026 | Snake:1  | Entered Level 1 of the Snake Pit
 24558 | Snake:1  | Identified the +1 scimitar of the Three Persimmons {freeze,
                  | Will+}
 24575 | Snake:1  | Received a gift from Trog
 24790 | Snake:1  | Noticed Aizul
 24806 | Snake:1  | Killed Aizul
 25211 | Snake:1  | Reached XP level 18. HP: 172/173 MP: 17/17
 25243 | Snake:2  | Found a blossoming altar of Fedhas.
 25276 | Snake:2  | Noticed Mlioglotl
 25300 | Snake:2  | Killed Mlioglotl
 25923 | Snake:2  | Found Jimeh's Weapon Boutique.
 25974 | Snake:2  | Received a gift from Trog
 26542 | Snake:3  | Reached skill level 21 in Axes
 26586 | Snake:3  | Reached skill level 15 in Shields
 26734 | Snake:3  | Found a runed translucent gate.
 26736 | Snake:3  | Found a runed translucent gate.
 26736 | Snake:3  | Found a runed translucent gate.
 26738 | Snake:3  | Noticed vinnietd's ghost (adept HaFi)
 27311 | Snake:3  | Killed vinnietd's ghost
 27336 | Snake:3  | Identified the +2 pair of gloves of Wu Jian's Approval
                  | {rN+}
 27424 | Snake:4  | Entered Level 4 of the Snake Pit
 27775 | Snake:4  | Received a gift from Trog
 27982 | Snake:4  | Reached XP level 19. HP: 152/185 MP: 18/18
 28056 | Snake:4  | Got a serpentine rune of Zot
 28739 | Shoals:1 | Entered Level 1 of the Shoals
 29550 | Shoals:2 | Noticed Polyphemus
 29662 | Shoals:2 | Killed Polyphemus
 30088 | Shoals:2 | Reached skill level 22 in Axes
 30089 | Shoals:2 | Found Xel Kis's Distillery.
 30121 | Shoals:2 | Bought a potion of invisibility for 88 gold pieces
 30121 | Shoals:2 | Bought a potion of curing for 33 gold pieces
 30121 | Shoals:2 | Bought a potion of might for 44 gold pieces
 30121 | Shoals:2 | Bought a potion of haste for 110 gold pieces
 30121 | Shoals:2 | Bought a potion of curing for 33 gold pieces
 30121 | Shoals:2 | Bought a potion of curing for 33 gold pieces
 30121 | Shoals:2 | Bought a potion of cancellation for 88 gold pieces
 30121 | Shoals:2 | Bought a potion of curing for 33 gold pieces
 30513 | Shoals:3 | Received a gift from Trog
 30522 | Shoals:3 | Reached ****** piety under Trog
 31389 | Shoals:4 | Entered Level 4 of the Shoals
 31485 | Shoals:4 | Received a gift from Trog
 31824 | Shoals:4 | Found the +11 Singing Sword {sonic wave}
 31874 | Shoals:4 | Noticed Ilsuiw
 32053 | Shoals:4 | Killed Ilsuiw
 32261 | Shoals:4 | Received a gift from Trog
 32627 | Shoals:4 | Got a barnacled rune of Zot
 33007 | Vaults:1 | Entered Level 1 of the Vaults
 33033 | Vaults:1 | Noticed Zenata
 33043 | Vaults:1 | Killed Zenata
 33044 | Vaults:1 | Reached XP level 20. HP: 154/192 MP: 19/19
 33091 | Vaults:1 | Noticed andronian's ghost (adept MfFi)
 33092 | Vaults:1 | Found a transporter.
 33098 | Vaults:1 | Noticed an ancient lich
 33377 | Vaults:1 | Paralysed by a great orb of eyes for 3 turns
 33483 | Vaults:1 | Received a gift from Trog
 33486 | Vaults:1 | Reached skill level 23 in Axes
 33829 | Vaults:1 | Received a gift from Trog
 34006 | Vaults:1 | Found a transporter.
 34113 | Vaults:1 | Killed andronian's ghost
 34114 | Vaults:1 | Killed an ancient lich
 34356 | Vaults:2 | Found a staircase to the Crypt.
 34786 | Vaults:2 | Received a gift from Trog
 34872 | Vaults:2 | Found a runed translucent door.
 34959 | Vaults:2 | Reached XP level 21. HP: 209/209 MP: 20/20
 34970 | Vaults:2 | Found Wenul's Magic Scroll Shoppe.
 34978 | Vaults:2 | Bought a scroll of enchant armour for 82 gold pieces
 35416 | Vaults:2 | Identified the +7 dagger of Diet Blood {heavy, rC+ Str+3
                  | Dex+3}
 35578 | Vaults:2 | Noticed Sianeop's ghost (adept GrFi)
 35590 | Vaults:2 | Identified the +0 ring mail "Pefuck" {rElec rCorr SInv}
 35695 | Vaults:2 | Killed Sianeop's ghost
 35770 | Crypt:1  | Entered Level 1 of the Crypt
 35869 | Vaults:3 | Reached skill level 24 in Axes
 36084 | Vaults:3 | Received a gift from Trog
 36629 | Vaults:3 | Found Riannuatz's Antique Armour Shoppe.
 36638 | Vaults:3 | Bought an embroidered scarf for 264 gold pieces
 37043 | Vaults:4 | Found a crumbling gateway.
 37106 | Vaults:4 | Received a gift from Trog
 38332 | Elf:1    | Entered Level 1 of the Elven Halls
 38491 | Orc:2    | Received a gift from Trog
 38719 | Elf:1    | Paralysed by an air elemental for 1 turns
 38791 | Elf:1    | Paralysed by an air elemental for 1 turns
 38799 | Elf:1    | Noticed Jorgrun
 38812 | Elf:1    | Killed Jorgrun
 38839 | Elf:1    | Noticed Nikola
 38862 | Elf:1    | Killed Nikola
 39113 | Elf:1    | Received a gift from Trog
 39124 | Elf:1    | Found Ziromoiw's Weapon Boutique.
 39293 | Elf:1    | Reached XP level 22. HP: 220/220 MP: 21/21
 39406 | Elf:2    | Found a runed translucent gate.
 39406 | Elf:2    | Found a runed translucent gate.
 39417 | Elf:2    | Found a runed translucent gate.
 39844 | Elf:2    | Reached skill level 25 in Axes
 40352 | Elf:2    | Received a gift from Trog
 40610 | Elf:3    | Entered Level 3 of the Elven Halls
 40611 | Elf:3    | Paralysed by an air elemental for 1 turns
 40792 | Elf:3    | Identified the +9 war axe of Mingiol {flame, Contam rC+
                  | rCorr Dex+3}
 41324 | Elf:3    | Found a runed translucent gate.
 41324 | Elf:3    | Found a runed translucent gate.
 41324 | Elf:3    | Found a runed translucent gate.
 41849 | Elf:3    | Identified the ring of Tudottiym {rPois Will+ SInv}
 41849 | Elf:3    | Identified the +4 morningstar of Noduv {freeze, Contam
                  | rF++}
 41863 | Elf:3    | Identified the ring of the Toothy God {Fire rElec Will+}
 41984 | Elf:3    | Gained mutation: You are strong-willed. (Will+) [a
                  | cacodemon]
 42671 | Elf:3    | Identified the +3 hat of the Eternal Fruit {Will+}
 42709 | Elf:3    | Identified the staff of earth "Buaptuih" {+Blink rC+ rN+}
 42922 | Elf:3    | Found a runed translucent gate.
 42922 | Elf:3    | Found a runed translucent gate.
 42928 | Elf:3    | Noticed jfcaron's ghost (adept GnBe)
 42929 | Elf:3    | Found a runed translucent gate.
 42969 | Elf:3    | Killed jfcaron's ghost
 42984 | Elf:3    | Identified the +1 robe "Silicwil" {Will+ Str+3}
 43266 | Depths:1 | Entered Level 1 of the Depths
 43415 | Depths:1 | Reached XP level 23. HP: 207/232 MP: 22/22
 44016 | Depths:1 | Found a gateway to Hell.
 44025 | Depths:1 | Reached skill level 26 in Axes
 44081 | Depths:1 | Found a one-way gateway to a ziggurat.
 44152 | Depths:2 | Found a one-way gate to the infinite horrors of the Abyss.
 44174 | Depths:2 | Noticed Vv
 44195 | Depths:2 | Killed Vv
 44252 | Depths:2 | Identified the ring of Bodily Harmony {Ice rElec Will++}
 44252 | Depths:2 | Noticed Josephina
 44284 | Depths:2 | Killed Josephina
 44365 | Depths:2 | Received a gift from Trog
 44388 | Depths:2 | Noticed Bai Suzhen
 44422 | Depths:2 | Killed Bai Suzhen
 44972 | Depths:2 | Found a one-way gate leading to the halls of Pandemonium.
 45497 | Depths:3 | Found a white marble altar of Elyvilon.
 45743 | Depths:3 | Found a huge runed gate.
 45743 | Depths:3 | Found a huge runed gate.
 45743 | Depths:3 | Found a huge runed gate.
 45743 | Depths:3 | Found a huge runed gate.
 45743 | Depths:3 | Found a huge runed gate.
 45743 | Depths:3 | Found a huge runed gate.
 45743 | Depths:3 | Found a huge runed gate.
 45743 | Depths:3 | Found a huge runed gate.
 45743 | Depths:3 | Found a huge runed gate.
 45781 | Depths:3 | Found a huge runed gate.
 45787 | Depths:3 | Found a huge runed gate.
 45787 | Depths:3 | Found a huge runed gate.
 45787 | Depths:3 | Found a huge runed gate.
 45787 | Depths:3 | Found a huge runed gate.
 45787 | Depths:3 | Found a huge runed gate.
 45787 | Depths:3 | Found a huge runed gate.
 45788 | Depths:3 | Found a huge runed gate.
 45789 | Depths:3 | Found a huge runed gate.
 45790 | Depths:3 | Found a huge runed gate.
 46058 | Depths:3 | Noticed a caustic shrike
 46067 | Depths:3 | Killed a caustic shrike
 46240 | Depths:3 | Found a huge runed gate.
 46240 | Depths:3 | Found a huge runed gate.
 46240 | Depths:3 | Found a huge runed gate.
 46240 | Depths:3 | Found a huge runed gate.
 46240 | Depths:3 | Found a huge runed gate.
 46240 | Depths:3 | Found a huge runed gate.
 46241 | Depths:3 | Found a huge runed gate.
 46242 | Depths:3 | Found a huge runed gate.
 46243 | Depths:3 | Found a huge runed gate.
 46252 | Depths:3 | Found a huge runed gate.
 46252 | Depths:3 | Found a huge runed gate.
 46252 | Depths:3 | Found a huge runed gate.
 46252 | Depths:3 | Found a huge runed gate.
 46252 | Depths:3 | Found a huge runed gate.
 46252 | Depths:3 | Found a huge runed gate.
 46253 | Depths:3 | Found a huge runed gate.
 46261 | Depths:3 | Found a huge runed gate.
 46485 | Depths:3 | Received a gift from Trog
 46620 | Depths:3 | Acquired the +4 pair of gloves of Generosity {rF++ Dex+2}
 46719 | Depths:4 | Entered Level 4 of the Depths
 46985 | Depths:4 | Found a gate to the Realm of Zot.
 47004 | Depths:4 | Reached XP level 24. HP: 244/244 MP: 22/22
 48070 | Vaults:5 | Entered Level 5 of the Vaults
 48093 | Vaults:5 | Reached skill level 27 in Axes
 48100 | Vaults:5 | Received a gift from Trog
 48326 | Vaults:4 | HP: 7/239 [tengu reaver/bolt of fire (12)]
 48328 | Vaults:4 | Killed from afar by a sphinx

Illustrated notes

Levels and vault maps discovered:
D:1:      minmay_arrival_jagged, layout_loops_ring,
          ebering_ecumenical_altar_ruins, minmay_misc_feat_cross,
          minmay_misc_feat_tiny
D:2:      layout_basic, amcnicky_mini_pool_small
D:3:      kennysheep_slugbush, layout_basic, corexii_leaking_fountain
D:4:      layout_rooms, lemuel_tele_altar, nzn_random_ring
D:5:      layout_gridville, minmay_manual_mail, uniq_grinder
D:6:      layout_basic
D:7:      layout_basic, minmay_temple_entry_trees, ebering_ghost_gozag,
          serial_shops, shop
D:8:      layout_rooms, yredelemnul_forgotten_temple_becter
D:9:      erik_cavepeople, layout_loops_ring, nicolae_qazlal_general_emergency,
          enter_bailey_3, ploomutoo_gammafunk_ghost_potion_laboratory,
          nicolae_stop_n_shop_2, bh_circular_ruins
D:10:     layout_loops_cross, uniq_amaemon
D:11:     layout_loops_corners, david_lair_generic, orc_0_dummy,
          nicolae_uskayaw_murder_on_the_dancefloor
D:12:     layout_loops_cross, portal_ice_cave_entry_pillars_1,
          nicolae_dithmenos_shadow_blocks
D:13:     layout_loops_ring
D:14:     layout_roguey, david_vaults_3, grunt_decor_resistance
D:15:     hangedman_depths_entry_try_elsewhere_first, layout_stronghold,
          serial_column_ruins, column_ruins_pillar_1, column_ruins_pillar_2,
          column_ruins_pillar_2, column_ruins_pillar_7, column_ruins_pillar_4,
          column_ruins_pillar_7, column_ruins_pillar_1, column_ruins_pillar_4,
          column_ruins_pillar_9, column_ruins_pillar_4, column_ruins_pillar_3,
          column_ruins_pillar_6, column_ruins_pillar_6, column_ruins_pillar_5,
          column_ruins_pillar_6, column_ruins_pillar_9, minmay_misc_feat_room,
          minivault_15
Lair:1:   layout_chaotic_city, nicolae_volcano_entry_two_sided,
          chequers_serial_rivers_micro_e, grunt_forest_small_clearings,
          chequers_serial_rivers_large_b, grunt_forest_large_clearing_hut
Lair:2:   layout_regular_city, shoals_dummy_entry,
          nicolae_snake_entry_warm_welcome, ebering_ghost_inner_flame,
          infiniplex_staircase_pool_2
Lair:3:   layout_cave_pods, fungi_pond_lemuel, lemuel_fruit_fields,
          infiniplex_staircase_pool, lemuel_fruit_tree
Lair:4:   layout_cave_pods, serial_bayou_shore_b
Lair:5:   due_jungle_book, layout_cellular_growth, slime_entry_2,
          eino_small_chamber_without_monster, nicolae_quartered_pool_little
Shoals:1: layout_shoals
Shoals:2: layout_shoals, serial_shops, shop, centaur_isle, uniq_polyphemus
Shoals:3: layout_shoals
Shoals:4: shoals_end_grunt_ice, layout_shoals, shoals_ilsuiw_alternative,
          nicolae_shoals_stone_sculpture_thing
Snake:1:  layout_cave_shapes, st_stairs_9, nicolae_snake_dead_anacondas,
          uniq_aizul
Snake:2:  layout_onion, basic_altar, minmay_shop_star, uniq_mlioglotl
Snake:3:  layout_cave_pods, gammafunk_ghost_necromancy, grunt_megastairs_4
Snake:4:  minmay_snake_end_coiled, layout_layer_cave,
          nrook_guardian_serpent_double
Orc:1:    layout_caves
Orc:2:    st_orc_congregation, layout_caves, statue_in_the_mist_lemuel
Elf:1:    elf_arrival_002, layout_gridlike, serial_shops, shop,
          minmay_elf_necromancy, uniq_nikola, uniq_jorgrun
Elf:2:    nicolae_elf_blades_splatter_lattice [nicolae_blade_entry_pointy_end],
          layout_onion_city
Elf:3:    grunt_elf_hall_asides, layout_loops_corners,
          ploomutoo_gammafunk_ghost_potion_laboratory, hangedman_elf_represent
Vaults:1: gammafunk_ghost_mausoleum, ontoclasm_vaults_misaligned,
          vaults_room_door_ring, hangedman_vaults_river_flow,
          vaults_room_grunt_arrival_ludios, ontoclasm_vaults_ring_large,
          vaults_mumra_hexcomb, v_pattern_3, nicolae_vaults_ninety_degrees,
          nicolae_vaults_surprise_closet, ontoclasm_vaults_twist,
          vaults_dpeg_ring, layout_vaults_omnicross, uniq_zenata
Vaults:2: hellmonk_ghost_big_iron, vaults_standard_mumra_enter_the_diamond,
          nicolae_vaults_fighting_squares, minmay_crypt_entry_simple_box,
          hangedman_vaults_locks, nicolae_vaults_tetromino_Z_2,
          nicolae_vaults_shelves_hall, hangedman_vaults_trim, v_misc_8,
          vaults_room_corners, dpeg_vaults_monster_box, layout_vaults_omnigrid,
          serial_shops, nicolae_shop_competitors_out_of_business
Vaults:3: nicolae_vaults_steering_wheel, nicolae_vaults_network_quincunx
          [nicolae_vaults_network_quincunx_subvault,
          nicolae_vaults_network_quincunx_subvault,
          nicolae_vaults_network_quincunx_subvault,
          nicolae_vaults_network_quincunx_subvault,
          nicolae_vaults_network_quincunx_subvault], nicolae_vaults_network_s,
          v_misc_29, nicolae_vaults_network_square, v_misc_8, v_misc_15,
          grunt_vaults_diagonal, nicolae_vaults_oval_intersection,
          nicolae_vaults_theta, v_misc_11, ontoclasm_vaults_ring_large,
          nicolae_vaults_specimen_jars, nicolae_vaults_trapezoid_layered,
          nicolae_vaults_circle_grid_b, serial_ice_g, layout_vaults_maze_bifur,
          serial_shops, shop
Vaults:4: portal_desolation_entry_salt, nicolae_vaults_circle_grid_b,
          nicolae_vaults_weapon_check, vaults_standard_mumra_lines, v_misc_18,
          ontoclasm_vaults_gateway, nicolae_vaults_three_branches, v_misc_9,
          nicolae_vaults_wine_cellar, nicolae_vaults_loss_of_containment,
          v_alt_pattern_1, nicolae_vaults_tangram_2, ontoclasm_vaults_tryst,
          vaults_mumra_chevron, layout_vaults_omnibox
Vaults:5
Crypt:1:  layout_regular_city, grunt_crypt_arrival_guarded_gate
Depths:1: layout_basic, enter_ziggurat_a, hellmouth_2, mu_enter_wizlab_5,
          hangedman_decor_peaks_small, kennysheep_just_a_vault,
          serial_bayou_shore_b
Depths:2: evilmike_cross, layout_small_grid, hell_entry, abyss_entry, pan_entry,
          hangedman_decor_push, uniq_josephina, uniq_vv, uniq_bai_suzhen
Depths:3: kennysheep_big_flooded_room, layout_gridlike, hell_entry, abyss_entry,
          nicolae_elyvilon_peaceful_grove, not_door_vault_due,
          minmay_staircase_bubble
Depths:4: evilmike_zot_entry_argh, layout_gridlike, pf_hell_entry_tar_spiral,
          chequers_big_river

Skill      XL: |  1  2  3  4  5  6  7  8  9 10 11 12 13 14 15 16 17 18 19 20 21 22 23 24 |
---------------+-------------------------------------------------------------------------+-----
Axes           | 4 5 6 8 9 11 13 15 17 18 19 20 21 22 23 24 25 26 27 | 27.0
Fighting       | 7 10 11 12 14 15 16 17 18 20 21 22 23 24 25 26 | 26.2
Armour         | 6 10 11 12 14 15 16 18 19 21 22 23 24 25 26 | 26.0
Shields        | 8 11 12 14 16 17 19 20 21 22 23 | 23.6
Dodging        | 7 8 9 10 12 | 12.8

Action                     |  1- 3 |  4- 6 |  7- 9 | 10-12 | 13-15 | 16-18 | 19-21 | 22-24 || total
---------------------------+-------+-------+-------+-------+-------+-------+-------+-------++-------
  Melee: Hand axe          |   107 |    97 |   310 |    54 |       |       |       |       ||   568
         Headbutt          |    13 |    22 |    62 |   123 |   130 |   231 |   464 |   357 ||  1402
         Punch             |       |       |     4 |     5 |       |       |       |       ||     9
         Broad axe         |       |       |       |   545 |   497 |   941 |  1606 |  1283 ||  4872
 Invoke: Berserk           |       |     2 |     3 |     6 |     7 |    11 |    10 |    19 ||    58
         Trog's Hand       |       |       |     2 |     6 |     4 |     8 |     9 |    11 ||    40
         Brothers in Arms  |       |       |       |     5 |       |    11 |     2 |    15 ||    33
  Evoke: Wand              |       |       |       |       |       |       |     2 |       ||     2
    Use: Scroll            |     5 |       |    10 |     7 |    14 |     5 |     7 |     5 ||    53
         Potion            |     1 |       |     2 |    15 |     4 |     2 |     5 |    17 ||    46
   Stab: Distracted        |       |       |       |       |       |       |     1 |     1 ||     2
 Armour: Animal skin       |    14 |       |       |       |       |       |       |       ||    14
         Ring mail         |     7 |     3 |       |       |       |       |       |       ||    10
         Leather armour    |     6 |       |       |       |       |       |       |       ||     6
         Chain mail        |       |    57 |   126 |   454 |       |       |       |       ||   637
         Plate armour      |       |       |       |    39 |   467 |       |       |       ||   506
         Crystal plate arm |       |       |       |       |       |   669 |   970 |   531 ||  2170
         Gold dragon scale |       |       |       |       |       |       |       |   192 ||   192
  Dodge: Dodged            |    65 |    39 |    91 |   276 |   202 |   360 |   501 |   420 ||  1954
  Block: Buckler           |       |       |       |       |   161 |   405 |   617 |   502 ||  1685
